 Dungeon Crawl Stone Soup version 0.22.1 (webtiles) character file.

34988 Stepladder the Nimble (level 13, -2/108 HPs)
             Began as a Merfolk Gladiator on Sept 17, 2018.
             Was a High Priest of Yredelemnul.
             Slain by a yak (6 damage)
             ... on level 3 of the Lair of Beasts on Sept 18, 2018.
             The game lasted 02:06:48 (22578 turns).

Stepladder the Nimble (Merfolk Gladiator)          Turns: 22578, Time: 02:06:50

Health: -2/108     AC: 12    Str: 17    XL:     13   Next: 80%
Magic:  19/19      EV: 21    Int:  8    God:    Yredelemnul [*****.]
Gold:   832        SH:  0    Dex: 17    Spells: 15/17 levels left

rFire    . . .     SeeInvis .   e - +2 scimitar (flame)
rCold    + . .     Gourm    .   A - +0 shield
rNeg     . . .     Faith    .   K - +0 troll leather armour
rPois    .         Spirit   .   c - +0 helmet
rElec    .         Reflect  .   n - +0 cloak
rCorr    .         Harm     .   G - +0 pair of gloves
MR       .....                  k - +2 pair of boots
Stlth    +.........             (no amulet)
HPRegen  0.68/turn              N - ring of protection from cold
MPRegen  0.16/turn              Y - +2 ring of protection

@: confused
A: change form in water, swift swim, stealthy swim
a: Recall Undead Slaves, Injury Mirror, Animate Dead, Drain Life, Enslave Soul,
Renounce Religion


You were on level 3 of the Lair of Beasts.
You worshipped Yredelemnul.
Yredelemnul was extremely pleased with you.
You were not hungry.

You visited 2 branches of the dungeon, and saw 17 of its levels.

You collected 930 gold pieces.
You spent 98 gold pieces at shops.

Inventory:

Hand Weapons
 e - a +2 scimitar of flaming (weapon)
 Z - a +3 scimitar
Missiles
 d - 10 throwing nets
 m - 60 poisoned needles
 s - 5 needles of confusion
 M - 9 tomahawks (quivered)
Armour
 c - a +0 helmet (worn)
 k - a +2 pair of boots (worn)
 n - a +0 cloak (worn)
 A - a +0 shield (worn)
 G - a +0 pair of gloves (worn)
 K - a +0 troll leather armour (worn)
Jewellery
 g - an uncursed ring of fire
 p - an uncursed amulet of faith
 N - a ring of protection from cold (left hand)
 Y - a +2 ring of protection (right hand)
Wands
 B - a wand of digging (9)
 C - a wand of clouds (6)
 E - a wand of flame (39)
 L - a wand of enslavement (22)
 O - a wand of acid (6)
Scrolls
 l - a scroll of fear {unknown}
 o - a scroll of brand weapon {unknown}
 r - 10 scrolls of teleportation
 t - a scroll of amnesia
 D - 7 scrolls of remove curse
 F - a scroll of silence
 J - 2 scrolls of blinking
Potions
 a - 3 potions of might
 b - a potion of cancellation {unknown}
 h - 6 potions of curing
 i - a potion of mutation {unknown}
 u - 2 potions of degeneration {unknown}
 w - a potion of agility
 x - 4 potions of haste
 z - 4 potions of heal wounds
 H - a potion of lignification {unknown}
 P - a potion of ambrosia {unknown}
Miscellaneous
 q - a crystal ball of energy
 V - a lamp of fire
Comestibles
 f - 23 rations


   Skills:
 + Level 12.0 Fighting
 + Level 12.3 Long Blades
 - Level 2.0 Throwing
 - Level 2.5 Armour
 + Level 14.3 Dodging
 - Level 7.1 Stealth
 + Level 7.6 Shields
 - Level 2.6 Spellcasting
 + Level 0.2 Charms
 + Level 9.0 Invocations


You had 15 spell levels left.
You knew the following spells:

 Your Spells              Type           Power        Failure   Level  Hunger
a - Swiftness             Chrm/Air       #.......     83%         2    ###....

Your spell library contained the following spells:

 Spells                   Type           Power        Failure   Level  Hunger
 Magic Dart               Conj           #...         71%         1    ##.....
 Shock                    Conj/Air       #...         71%         1    ##.....
 Sting                    Conj/Pois      #...         71%         1    ##.....
 Poisonous Vapours        Pois/Air       #.....       85%         2    ###....
 Searing Ray              Conj           #.....       85%         2    ###....
 Dazzling Spray           Conj/Hex       #.....       97%         3    ####...
 Mephitic Cloud           Conj/Pois/Air  #.......     97%         3    ####...
 Static Discharge         Conj/Air       #.......     97%         3    ####...
 Airstrike                Air            #.........   100%        4    #####..
 Force Lance              Conj/Tloc      #.......     100%        4    #####..
 Fulminant Prism          Conj/Hex       #.........   100%        4    #####..
 Iskenderun's Mystic Bla  Conj           #.......     100%        4    #####..
 Olgreb's Toxic Radiance  Pois           #.......     100%        4    #####..
 Lightning Bolt           Conj/Air       #.........   100%        5    ######.
 Venom Bolt               Conj/Pois      #.........   100%        5    ######.


Dungeon Overview and Level Annotations

Branches:
Dungeon (14/15)            Temple (0/1) D:4            Lair (3/6) D:10
  Snake (0/4) Lair:2          Orc (0/2) D:10         Vaults (0/5) D:13
  Swamp: Lair:2-4    Shoals: Lair:2-4

Altars:
Cheibriados
Elyvilon
Fedhas
Gozag
Makhleb
Qazlal
Sif Muna
Trog
Wu Jian
Xom
Yredelemnul
The Shining One
Beogh

Shops:
D:6 (   D:7 :*:!   D:8 (   D:9 =

Portals:
Labyrinth: D:14

Annotations:
D:4 Grinder
D:10 Erolcha
Lair:2 3 runed doors, Getrut's ghost, journeyman DrTm; Maniyck's ghost, novice TrFi; Noew's ghost, journeyman DsFi; Xaitooz's ghost, journeyman GrFi; Zoacau Tepro's ghost, journeyman TrMo
Lair:3 Rupert


Message History

Rupert roars madly and goes into a rage!
Rupert goes berserk!
There is a stone staircase leading up here.
Rupert hits you with a great sword of flaming!!
Rupert burns you. The yak misses you. Rupert completely misses you.
In your confused state, you trip and fall back down the stairs.
The yak gores you! Rupert closely misses you. The yak misses you.
Rupert hits you with a great sword of flaming!!
Rupert burns you! The yak gores you but does no damage.
The yak barely misses you.
In your confused state, you trip and fall back down the stairs.
* * * LOW HITPOINT WARNING * * *
Rupert hits you with a great sword of flaming!!
* * * LOW HITPOINT WARNING * * *
Rupert burns you.
* * * LOW HITPOINT WARNING * * *
The yak completely misses you. The yak gores you but does no damage.
The yak gores you.
You die...
Your body rises from the dead as a mindless zombie.

##. ....# ..
..#.# #<.
....# #..
$...#
#..###.#..#
#.........#
#.#...Y.....##
#...Y@@.....#
#.....YYY...##
###....F.....#
#.........##
.......##...#
.......## P.##
P......#. .#
#...... # .#


You could see Rupert (berserk), 5 yaks and a spiny frog.

Vanquished Creatures
  Josephine (D:10)
  Fannar (Lair:2)
  2 two-headed ogres
  A skeletal warrior (D:13)
  2 unseen horrors
  2 deep elf magi
  An ugly thing (D:12)
  3 cyclopes
  3 centaur zombies
  4 spiny frogs
  A kobold demonologist (D:11)
  A tengu conjurer (D:12)
  6 trolls
  3 slime creatures (D:12)
  4 hippogriffs
  6 flying skulls
  3 wraiths (D:10)
  39 yaks
  3 wyverns
  A basilisk (D:11)
  Grum (Lair:1)
  2 hungry ghosts
  3 vampire mosquitoes (D:12)
  2 nagas (Lair:2)
  3 water moccasins
  2 porcupines (Lair:2)
  9 orc warriors
  A hornet zombie (D:8)
  An eye of draining (D:7)
  3 ice beasts
  7 sky beasts
  A black bear (D:9)
  2 necrophages
  4 phantoms
  6 ogres
  4 wolves (Lair:1)
  12 centaurs
  3 crocodiles
  13 big kobolds
  17 bullfrogs
  3 wyvern zombies
  2 scorpions
  9 killer bees
  14 wights
  4 howler monkeys
  10 crimson imps
  3 bullfrog zombies
  4 quasits
  11 orc wizards
  3 bullfrog skeletons
  A centaur skeleton (D:4)
  9 orc priests
  5 hounds
  4 jellies
  2 iguanas
  17 worker ants
  2 hound zombies (D:6)
  Robin (D:2)
  6 gnolls (D:5)
  18 adders
  6 shadow imps
  An ooze (D:2)
  2 adder skeletons
  An adder zombie (D:9)
  3 worms
  2 dart slugs
  5 leopard geckos
  47 orcs
  12 bats
  5 giant cockroaches
  11 goblins
  9 hobgoblins
  9 jackals
  8 quokkas
  2 ball pythons (D:1)
  5 frilled lizards
  A jackal skeleton (D:8)
  23 kobolds
  A quokka skeleton (D:5)
  12 rats
476 creatures vanquished.

Vanquished Creatures (collateral kills)
  Nessos (D:12)
  Harold (Lair:2)
  Erica (Lair:1)
  4 two-headed ogres
  A troll (D:12)
  A hippogriff (Lair:1)
  A vampire mosquito (D:12)
  9 yaks
  A naga (Lair:2)
  2 porcupines
  2 water moccasins (Lair:2)
  2 orc warriors
  A wolf (Lair:1)
  A crocodile (Lair:1)
  3 big kobolds (D:11)
  A wyvern zombie (D:12)
  3 bullfrogs (Lair:2)
  An orc wizard (D:10)
  A bullfrog skeleton (D:13)
  A leopard gecko (D:9)
  6 orcs
  A kobold (D:11)
  8 plants
53 creatures vanquished.

Vanquished Creatures (others)
  A vampire (Lair:2)
  A two-headed ogre zombie (D:12)
  A two-headed ogre skeleton (D:10)
  A vampire mosquito zombie (D:12)
  2 water moccasin zombies (Lair:1)
  2 yak zombies
  A yak skeleton (D:13)
  A wight (D:14)
  2 wolf zombies (Lair:1)
  2 centaur zombies
  2 bullfrog zombies (D:11)
  A basilisk zombie (D:11)
  A bullfrog skeleton (Lair:2)
  2 sky beast zombies
  A necrophage skeleton (D:13)
  4 mummies (D:13)
  A hound skeleton (D:11)
  A scorpion zombie (D:9)
  An orc (D:7)
  3 kobold zombies (D:10)
  4 orc zombies (D:10)
35 creatures vanquished.

Grand Total: 564 creatures vanquished

Notes
Turn   | Place    | Note
-------+----------+-------------------------------------------
     0 | D:1      | Stepladder the Merfolk Gladiator began the quest for the
                  | Orb.
     0 | D:1      | Reached XP level 1. HP: 16/16 MP: 1/1
   204 | D:1      | Reached XP level 2. HP: 23/23 MP: 2/2
   308 | D:1      | Reached skill level 1 in Stealth
   446 | D:1      | Reached XP level 3. HP: 28/28 MP: 3/3
  1039 | D:2      | Reached XP level 4. HP: 34/34 MP: 4/4
  1224 | D:2      | Noticed Robin
  1252 | D:2      | Killed Robin
  1351 | D:2      | Reached skill level 5 in Dodging
  1786 | D:2      | Found a burning altar of Makhleb.
  2021 | D:2      | Reached XP level 5. HP: 38/41 MP: 5/5
  2268 | D:3      | Found a basalt altar of Yredelemnul.
  2308 | D:3      | Noticed a phantom
  2337 | D:3      | Killed a phantom
  2337 | D:3      | Reached XP level 6. HP: 39/47 MP: 6/6
  2405 | D:3      | Found a bloodstained altar of Trog.
  2664 | D:3      | Found a glowing golden altar of the Shining One.
  2757 | D:3      | Found an opulent altar of Gozag.
  2787 | D:3      | Found a white marble altar of Elyvilon.
  2878 | D:4      | Got a pitted leather armour
  3023 | D:4      | Found a shimmering altar of Xom.
  3342 | D:4      | Identified the +3 leather armour of Paranoia {rF- rC+ rN+
                  | Stlth+} (You found it on level 4 of the Dungeon)
  3366 | D:4      | Reached skill level 1 in Armour
  3366 | D:4      | Reached skill level 6 in Dodging
  3405 | D:4      | Noticed Grinder
  3423 | D:4      | Paralysed by Grinder for 5 turns
  3473 | D:4      | Reached skill level 5 in Long Blades
  3473 | D:4      | Reached XP level 7. HP: 24/54 MP: 7/7
  4135 | D:4      | Found a snail-covered altar of Cheibriados.
  4295 | D:4      | Found a staircase to the Ecumenical Temple.
  4878 | D:5      | Entered Level 5 of the Dungeon
  5089 | D:5      | Reached skill level 5 in Fighting
  5134 | D:5      | Reached skill level 7 in Dodging
  5303 | D:5      | Reached skill level 1 in Shields
  5303 | D:5      | Reached XP level 8. HP: 51/62 MP: 8/8
  5637 | D:5      | Found an ornate altar of the Wu Jian Council.
  6487 | D:6      | Reached skill level 8 in Dodging
  6914 | D:6      | Found Faec Ceu's Antique Weapon Boutique.
  6930 | D:6      | Found a stormy altar of Qazlal.
  6930 | D:6      | Found a blossoming altar of Fedhas.
  7431 | D:6      | Reached XP level 9. HP: 67/71 MP: 9/9
  7956 | D:7      | Found a deep blue altar of Sif Muna.
  8163 | D:7      | Found Jijeawol's Distillery.
  8493 | D:7      | Bought a potion of might for 56 gold pieces
  8493 | D:7      | Bought a potion of curing for 42 gold pieces
  8509 | D:7      | Found Raaj's Book Emporium.
  8530 | D:7      | Reached skill level 9 in Dodging
  8800 | D:7      | Reached skill level 5 in Stealth
  9047 | D:7      | Found Wiememo's Assorted Antiques.
  9675 | D:7      | Found Ejiyrairr's Book Boutique.
 10275 | D:3      | Became a worshipper of Yredelemnul the Dark
 10458 | D:8      | Reached skill level 1 in Invocations
 10733 | D:7      | Reached XP level 10. HP: 19/80 MP: 2/11
 11045 | D:7      | Reached skill level 5 in Shields
 11244 | D:8      | Noticed a two-headed ogre
 11668 | D:8      | Killed a two-headed ogre
 11668 | D:8      | Reached skill level 10 in Dodging
 12023 | D:8      | Found Ruhanub's Antique Weapon Shop.
 12206 | D:8      | Found a burning altar of Makhleb.
 12206 | D:8      | Noticed an Executioner
 12210 | D:8      | Noticed an orange demon
 12518 | D:9      | Found Qanlip Soe's Jewellery Boutique.
 13742 | D:9      | Reached * piety under Yredelemnul
 13841 | D:9      | Reached skill level 11 in Dodging
 13976 | D:9      | Reached XP level 11. HP: 67/89 MP: 13/13
 14677 | D:9      | Reached ** piety under Yredelemnul
 14691 | D:9      | Noticed a deep elf mage
 14698 | D:9      | Killed a deep elf mage
 14965 | D:10     | Entered Level 10 of the Dungeon
 14965 | D:10     | Found a roughly hewn altar of Beogh.
 14971 | D:10     | Reached skill level 10 in Long Blades
 15122 | D:10     | Found a staircase to the Orcish Mines.
 15534 | D:10     | Noticed a two-headed ogre
 15548 | D:10     | Killed a two-headed ogre
 15548 | D:10     | Reached skill level 12 in Dodging
 15548 | D:10     | Reached skill level 5 in Invocations
 15644 | D:10     | Reached *** piety under Yredelemnul
 15707 | D:10     | Killed an unseen horror
 15707 | D:10     | Reached skill level 10 in Fighting
 15829 | D:10     | Found a staircase to the Lair.
 15919 | D:10     | Noticed Josephine
 15940 | D:10     | Killed Josephine
 16033 | D:10     | Noticed Erolcha
 16221 | D:11     | Reached XP level 12. HP: 59/98 MP: 16/16
 16340 | D:11     | Noticed a two-headed ogre
 16370 | D:11     | Killed a two-headed ogre
 16520 | D:11     | Reached **** piety under Yredelemnul
 16966 | D:11     | Reached skill level 13 in Dodging
 17013 | D:11     | Received a gift from Yredelemnul (a mummy)
 17408 | D:12     | Received a gift from Yredelemnul (a mummy)
 17523 | D:12     | Noticed a two-headed ogre
 17531 | D:12     | Killed a two-headed ogre
 17585 | D:12     | Noticed a two-headed ogre
 17627 | D:12     | Received a gift from Yredelemnul (a mummy)
 17633 | D:12     | Killed a two-headed ogre
 18103 | D:13     | Got an encrusted scale mail
 18127 | D:13     | Identified the +2 scale mail of Byitti {*Corrode +Inv MP+9}
                  | (You found it on level 13 of the Dungeon)
 18160 | D:13     | Noticed Nessos
 18309 | D:13     | Noticed a two-headed ogre
 18389 | D:13     | Received a gift from Yredelemnul (a mummy)
 18665 | D:12     | Killed Nessos
 18681 | D:12     | Killed a two-headed ogre
 18743 | D:13     | Reached XP level 13. HP: 105/106 MP: 18/18
 18785 | D:13     | Found a gate to the Vaults.
 18785 | D:13     | Noticed a vault guard
 18793 | D:13     | Reached ***** piety under Yredelemnul
 19918 | D:14     | Received a gift from Yredelemnul (a wight)
 20132 | D:14     | Found a labyrinth entrance.
 20251 | Lair:1   | Entered Level 1 of the Lair of Beasts
 20255 | Lair:1   | Learned a level 2 spell: Swiftness
 20299 | Lair:1   | Reached skill level 1 in Spellcasting
 20347 | Lair:1   | Noticed Grum
 20359 | Lair:1   | Reached skill level 14 in Dodging
 20387 | Lair:1   | Killed Grum
 20665 | Lair:1   | Received a gift from Yredelemnul (a vampire)
 21581 | Lair:2   | Noticed Erica
 21586 | Lair:2   | Noticed Harold
 21596 | Lair:1   | Killed Erica
 21739 | Lair:2   | Killed Harold
 22036 | Lair:2   | Noticed Fannar
 22049 | Lair:2   | Killed Fannar
 22226 | Lair:2   | Found a staircase to the Snake Pit.
 22358 | Lair:2   | Found a runed gate.
 22359 | Lair:2   | Found a runed gate.
 22359 | Lair:2   | Found a runed gate.
 22447 | Lair:2   | Noticed Zoacau Tepro's ghost (journeyman TrMo)
 22448 | Lair:2   | Noticed Xaitooz's ghost (journeyman GrFi)
 22448 | Lair:2   | Noticed Maniyck's ghost (novice TrFi)
 22448 | Lair:2   | Noticed Getrut's ghost (journeyman DrTm)
 22448 | Lair:2   | Noticed Noew's ghost (journeyman DsFi)
 22569 | Lair:3   | Noticed Rupert
 22578 | Lair:3   | HP: 4/108 [Rupert/great sword of flaming (3)]
 22578 | Lair:3   | Slain by a yak

Skill      XL: |  1  2  3  4  5  6  7  8  9 10 11 12 13 |
---------------+----------------------------------------+-----
Stealth        | 1 2 3 5 7 |  7.1
Fighting       | 3 4 5 6 7 9 10 11 12 | 12.0
Long Blades    | 4 5 6 7 8 9 10 11 12 | 12.3
Dodging        | 5 6 7 8 9 11 12 13 14 | 14.3
Armour         | 1 2 |  2.5
Shields        | 1 3 4 5 6 7 |  7.6
Invocations    | 1 2 6 7 9 |  9.0
Spellcasting   | 2 |  2.6
Throwing       | |  2.0
Charms         | |  0.2

Action                   |  1- 3 |  4- 6 |  7- 9 | 10-12 | 13-15 || total
-------------------------+-------+-------+-------+-------+-------++-------
Melee: Long sword        |    96 |   150 |   676 |   494 |       ||  1416
       Short sword       |       |       |    14 |    36 |       ||    50
       Tailslap          |       |       |     3 |       |       ||     3
       Scimitar          |       |       |       |   577 |   383 ||   960
 Fire: Hunting sling     |       |    52 |    20 |       |       ||    72
Throw: Throwing net      |     1 |       |       |       |       ||     1
       Tomahawk          |       |       |       |     9 |    18 ||    27
Invok: Animate Remains   |       |       |       |    12 |       ||    12
       Recall Undead Sla |       |       |       |    19 |     3 ||    22
       Animate Dead      |       |       |       |    14 |    19 ||    33
       Injury Mirror     |       |       |       |     1 |       ||     1
       Stop Recall       |       |       |       |     5 |       ||     5
Evoke: Wand              |       |       |     2 |    16 |     1 ||    19
  Use: Scroll            |     1 |     5 |     5 |     8 |     6 ||    25
       Potion            |       |     2 |       |     2 |     2 ||     6
 Stab: Sleeping          |       |     1 |    12 |    15 |     7 ||    35
       Distracted        |       |       |       |     6 |     5 ||    11
  Eat: Chunk             |     1 |     7 |    12 |    26 |    12 ||    58
       Ration            |       |       |     4 |     3 |     2 ||     9
Armor: Ring mail         |    40 |    56 |   184 |    59 |       ||   339
       Troll leather arm |       |       |       |   176 |    40 ||   216
Dodge: Dodged            |    99 |   153 |   362 |   714 |   224 ||  1552
Block: Shield            |       |       |   246 |   607 |   175 ||  1028
       Rpst.: Long sword |    35 |    42 |   113 |    72 |       ||   262
       Scimitar          |       |       |       |   107 |    43 ||   150
